 Dungeon Crawl Stone Soup version bcrawl-1.35.4c (webtiles) character file.

Game seed: 18352956221979660479

294435 Peloso the Carver (level 9, 0/79 HPs)
             Began as a Minotaur Fighter on Feb 8, 2022.
             Slain by a troll (10 damage)
             ... on level 7 of the Dungeon.
             The game lasted 00:18:05 (7251 turns).

Peloso the Carver (Minotaur Fighter)                Turns: 7251, Time: 00:18:06

Health: 0/79       AC: 14    Str: 22    XL:     9   Next: 89%
Magic:  8/8        EV:  5    Int:  5    God:
Gold:   487        SH: 14    Dex: 12    Spells: 8/8 levels left

rFire    . . .     SeeInvis .   a - +0 long sword
rCold    . . .     Gourm    .   c - +0 medium shield
rNeg     . . .     Faith    .   w - +0 plate armour
rPois    .         Spirit   .   (helmet restricted)
rElec    .         Reflect  .   (no cloak)
rCorr    .                      (no gloves)
MR       .....                  (no boots)
Stlth    ..........             j - amulet of magic regeneration
HPRegen  0.23/turn              (no ring)
MPRegen  0.36/turn              (no ring)

@: no status effects
A: retaliatory headbutt, horns 2
a: no special abilities


You were on level 7 of the Dungeon.
You were hungry.

You visited 2 branches of the dungeon, and saw 9 of its levels.
You also visited: Sewer.

You collected 487 gold pieces.

Inventory:

Hand Weapons
 a - a +0 long sword (weapon)
 b - a +0 scimitar of holy wrath
 o - the +9 quarterstaff of Ostrimn {speed, *Slow Dex+8, unknown}
   (You found it on level 4 of the Dungeon)

   Attacks with this weapon are significantly faster.
   It affects your dexterity (+8).
   It may slow you when you take damage.
Armour
 c - a +0 medium shield (worn)
 k - a +0 chain mail
 w - a +0 plate armour (worn)
Jewellery
 j - an amulet of magic regeneration (around neck)
 x - the cursed ring of Jeivint {Ice Str+4}
   (You took it off a centaur on level 7 of the Dungeon)

   [ring of ice]

   It enhances your ice magic.
   It affects your strength (+4).
   It makes you vulnerable to fire.
   It protects you from cold.
   It has a curse placed upon it.
Wands
 s - a wand of iceblast (10)
Scrolls
 f - a scroll of fog {unknown}
 g - 3 scrolls of remove curse
 i - 5 scrolls of identify
 l - 7 scrolls of teleportation
 n - 4 scrolls of enchant armour {unknown}
 p - 2 scrolls of fear {unknown}
 q - a scroll of blinking {unknown}
 r - 2 scrolls of silence {unknown}
Potions
 d - 2 potions of might
 h - a potion of heal wounds {unknown}
 m - 6 potions of flight
 t - a potion of cancellation {unknown}
 u - a potion of curing
 v - 4 potions of haste {unknown}
Comestibles
 e - 15 rations {!d}


   Skills:
 + Level 7.3 Fighting
 + Level 10.2 Long Blades
 + Level 8.9 Armour
 + Level 2.8 Dodging
 + Level 0.9 Stealth
 + Level 9.1 Shields


You had 8 spell levels left.
You didn't know any spells.
Your spell library contained the following spells:

 Spells                   Type           Power        Failure   Level  Hunger
 Summon Small Mammal      Summ           #...         100%        1    None
 Call Imp                 Summ           #.....       100%        2    ####...
 Call Canine Familiar     Summ           #.......     100%        3    #####..
 Summon Ice Beast         Ice/Summ       #.......     100%        4    ######.
 Summon Lightning Spire   Summ/Air       #.......     100%        5    #######


Dungeon Overview and Level Annotations

Branches:
Dungeon (8/12)             Temple (1/1) D:5
   Lair: D:7-9          Orc: D:8-11

Altars:
Ashenzari
Dithmenos
Elyvilon
Fedhas
Gozag
Hepliaklqana
Kikubaaqudgha
Lugonu
Makhleb
Nemelex Xobeh
Qazlal
Ru
Sif Muna
Trog
Uskayaw
Wu Jian
Xom
Yredelemnul
Zin
The Shining One

Shops:
D:7 *

Annotations:
D:7 3 runed translucent doors, exe1's ghost, novice EnAc


Innate Abilities, Weirdness & Mutations

You reflexively headbutt those who attack you in melee.
You have a pair of horns on your head.


Message History

* * * LOW HITPOINT WARNING * * *
Your shield and plate armour prevent you from hitting the troll.
The troll is severely wounded.
You feel better. You block the troll's attack. The troll claws you.
* * * LOW HITPOINT WARNING * * *
The troll claws you but does no damage.
You closely miss the troll. You headbutt the troll.
The troll is severely wounded.
You block the troll's attack.
The troll claws you but does no damage. x2
You hit the troll.
The troll is almost dead.
The troll bites you.
* * * LOW HITPOINT WARNING * * *
The troll claws you but does no damage. You block the troll's attack.
You feel better. You block the troll's attack.
The troll claws you but does no damage. x2
You hit the troll but do no damage.
The troll is almost dead.
You block the troll's attack. The troll claws you!
You die...

#......(.....######....
#####∩..#.#########....
#......#.#.......#....
#.#....#'#.#####.#....
#.#..........###.#####
#...(.....##.....###
####...............###
######.T>...............
#......@...........#####
#.........<......###
#...........#.#..####
#...........#.......#
########+#'###.#.####
#.......### ##
###.......# #. ##.....##
#. ###...# #.


You could see a troll.

Vanquished Creatures
  2 trolls
  A spriggan (D:7)
  Sigmund (D:4)
  A hungry ghost (D:7)
  Eustachio (D:4)
  A steam dragon (D:8)
  2 orc warriors (D:6)
  A necrophage (D:7)
  A sky beast (D:4)
  A phantom (D:7)
  An ice beast (D:6)
  3 ogres
  3 centaurs
  A bullfrog (D:8)
  A water moccasin skeleton (D:3)
  4 killer bees (D:8)
  3 vampire bats (D:3)
  2 howler monkeys (D:7)
  2 crimson imps
  A centaur zombie (D:7)
  A quasit (D:8)
  3 hounds
  2 bullfrog zombies
  2 orc wizards
  2 jellies
  A centaur skeleton (D:4)
  5 iguanas
  4 worker ants
  A merfolk avatar (Sewer)
  2 merfolk sirens (Sewer)
  A hound zombie (D:6)
  A hound skeleton (D:5)
  A mummy (D:6)
  4 gnolls (D:3)
  9 adders
  A river rat (Sewer)
  A shadow imp (D:5)
  4 oozes
  An adder zombie (D:3)
  8 worms
  A dart slug (D:3)
  6 leopard geckos
  12 orcs
  A bat skeleton (D:3)
  3 bat zombies (D:3)
  5 giant cockroaches
  6 goblins
  4 hobgoblins
  7 jackals
  5 quokkas
  6 ball pythons
  4 bats
  8 frilled lizards
  2 hobgoblin zombies (D:6)
  7 kobolds
  A kobold zombie (D:6)
  An orc zombie (D:6)
  A quokka skeleton (D:5)
  25 rats
  2 fungi (D:5)
  A plant (D:6)
195 creatures vanquished.

Vanquished Creatures (others)
  6 fungi (D:8)
6 creatures vanquished.

Grand Total: 201 creatures vanquished

Notes
Turn   | Place    | Note
-------+----------+-------------------------------------------
     0 | D:1      | Peloso the Minotaur Fighter began the quest for the Orb.
     0 | D:1      | Reached XP level 1. HP: 19/19 MP: 0/0
   155 | D:1      | Reached XP level 2. HP: 24/27 MP: 1/1
   350 | D:1      | Reached XP level 3. HP: 33/33 MP: 2/2
   916 | D:2      | Reached skill level 3 in Long Blades
  1227 | D:3      | Reached XP level 4. HP: 39/41 MP: 3/3
  1326 | D:3      | Found a shimmering altar of Xom.
  1360 | D:3      | Reached skill level 4 in Long Blades
  1360 | D:3      | Reached skill level 1 in Dodging
  1360 | D:3      | Reached XP level 5. HP: 47/47 MP: 4/4
  1841 | D:3      | Reached skill level 5 in Fighting
  1841 | D:3      | Reached XP level 6. HP: 45/56 MP: 5/5
  2063 | D:3      | Reached skill level 5 in Armour
  2207 | D:3      | Found an ancient bone altar of Kikubaaqudgha.
  2213 | D:3      | Reached skill level 5 in Shields
  2216 | D:3      | Reached skill level 5 in Long Blades
  2407 | D:4      | Noticed a sky beast
  2427 | D:4      | Killed a sky beast
  2428 | D:4      | Reached XP level 7. HP: 30/61 MP: 6/6
  2569 | D:4      | Got a buzzing quarterstaff
  2611 | D:4      | Noticed Sigmund
  2662 | D:4      | Killed Sigmund
  2717 | D:4      | Found a glowing silver altar of Zin.
  2933 | D:4      | Noticed Eustachio
  2941 | D:4      | Reached skill level 6 in Long Blades
  2964 | D:4      | Killed Eustachio
  3236 | D:5      | Entered Level 5 of the Dungeon
  3258 | D:5      | Reached XP level 8. HP: 56/69 MP: 7/7
  3514 | D:5      | Found a glowing drain.
  3526 | Sewer    | Entered a sewer
  3988 | Sewer    | Reached skill level 7 in Long Blades
  4726 | D:5      | Found a blossoming altar of Fedhas.
  4814 | D:5      | Found a basalt altar of Yredelemnul.
  5048 | D:5      | Found a staircase to the Ecumenical Temple.
  5055 | Temple   | Entered the Ecumenical Temple
  5275 | D:6      | Found an ornate altar of the Wu Jian Council.
  5291 | D:6      | Found a sparkling altar of Nemelex Xobeh.
  5302 | D:6      | Found a white marble altar of Elyvilon.
  5306 | D:6      | Found a burning altar of Makhleb.
  5382 | D:6      | Found a shadowy altar of Dithmenos.
  5385 | D:6      | Noticed a troll
  5409 | D:6      | Killed a troll
  5410 | D:6      | Reached skill level 8 in Long Blades
  5828 | D:6      | Reached XP level 9. HP: 75/78 MP: 8/8
  5973 | D:6      | Found a corrupted altar of Lugonu.
  6164 | D:7      | Reached skill level 9 in Long Blades
  6229 | D:7      | Found a runed translucent gate.
  6230 | D:7      | Found a runed translucent gate.
  6231 | D:7      | Found a runed translucent gate.
  6233 | D:7      | Noticed exe1's ghost (novice EnAc)
  6233 | D:7      | Noticed a centaur warrior
  6299 | D:7      | Noticed a troll
  6308 | D:7      | Killed a troll
  6546 | D:7      | Found Wien Hyn's Assorted Antiques.
  6546 | D:7      | Identified the cursed ring of Jeivint {Ice Str+4}
  6564 | D:7      | Reached skill level 10 in Long Blades
  7201 | D:8      | Noticed a troll
  7244 | D:7      | HP: 1/79 [troll (5)]
  7249 | D:7      | HP: 1/79 [troll (2)]
  7251 | D:7      | Slain by a troll

Skill      XL: |  1  2  3  4  5  6  7  8  9 |
---------------+----------------------------+-----
Fighting       | 4 5 6 7 |  7.3
Armour         | 4 5 6 7 8 |  8.9
Shields        | 4 5 6 7 9 |  9.1
Long Blades    | 3 4 5 6 8 10 | 10.2
Dodging        | 1 2 |  2.8
Stealth        | |  0.9

Action                   |  1- 3 |  4- 6 |  7- 9 || total
-------------------------+-------+-------+-------++-------
Melee: Long sword        |   119 |   142 |   524 ||   785
       Headbutt          |    13 |    23 |   106 ||   142
  Use: Scroll            |     2 |       |     1 ||     3
       Potion            |       |       |     8 ||     8
  Eat: Chunk             |     4 |     8 |    32 ||    44
Armor: Scale mail        |    80 |    84 |    19 ||   183
       Chain mail        |       |       |   240 ||   240
       Plate armour      |       |       |    88 ||    88
Dodge: Dodged            |    24 |    44 |    92 ||   160
Block: Medium shield     |    68 |    84 |   547 ||   699
